 Dungeon Sprint DCSS version 0.28.0-53-g5a82cb258f (webtiles) character file.

Game seed: 7533924405075999228

74 bnorton916 the Ruffian (level 4, -4/48 HPs)
             Began as a Troll Fighter on June 6, 2022.
             Drowned by a water elemental (6 damage)
             ... in the Dungeon (Sprint III: "The Ten Rune Challenge").
             The game lasted 00:02:05 (288 turns).

bnorton916 the Ruffian (Troll Fighter)               Turns: 288, Time: 00:02:06

Health: -4/48      AC:  5    Str: 26    XL:     4   Next: 10%
Magic:  3/3        EV:  9    Int:  4    God:
Gold:   13         SH:  7    Dex:  9    Spells: 3/3 levels left

rFire   . . .      SeeInvis .     - Unarmed
rCold   . . .      Faith    .   b - +0 kite shield
rNeg    . . .      Spirit   .   a - +0 robe
rPois   .          Reflect  .   (helmet restricted)
rElec   .          Harm     .   j - +0 cloak
rCorr   .          Rampage  .   (gloves unavailable)
Will    .....      Clarity  +   (boots unavailable)
Stlth   +......... NoTele   +   (no amulet)
HPRegen 0.96/turn               (no ring)
MPRegen 0.08/turn               (no ring)

@: engulfed (cannot breathe)
A: large, unfitting armour, claws 3, regeneration 1, shaggy fur 1, tough skin 1,
clarity, wild magic 1
a: no special abilities


You were in the Dungeon.
You visited 1 branch You collected 13 gold pieces.

Inventory:

Armour
 a - a +0 robe (worn)
 b - a +0 kite shield (worn)
 j - a +0 cloak (worn)
Scrolls
 i - a scroll of blinking
 k - 2 scrolls of holy word {unknown}
 l - 2 scrolls of identify {unknown}
Potions
 c - a potion of might
 d - 5 potions of curing
 e - a potion of heal wounds
 f - a potion of haste
 g - 2 potions of magic
 h - a potion of berserk rage
 m - 2 potions of flight {unknown}
 n - a potion of mutation


   Skills:
 + Level 4.1 Fighting
 + Level 4.1 Dodging
 + Level 4.1 Shields
 + Level 4.4 Unarmed Combat


You had 3 spell levels left.
You didn't know any spells.
Your spell library was empty.

Dungeon Overview and Level Annotations

Branches:
Dungeon (1/1)

Altars:


Innate Abilities, Weirdness & Mutations

You are too large for most types of armour.
You have claws for hands.
Your natural rate of healing is unusually fast.
You are covered in fur. (AC +1)
You have tough skin. (AC +1)
You possess an exceptional clarity of mind.
Your spells are a little harder to cast, but a little more powerful.


Message History

The water elemental is lightly damaged.
The water elemental hits you.
You barely miss the water elemental.
The water elemental is lightly damaged.
The water elemental closely misses you.
You claw the water elemental!
The water elemental is moderately damaged.
The water elemental hits you!
The water elemental engulfs you in water!
You slip free of the water engulfing you.
You gasp with relief as air once again reaches your lungs.
You scratch the water elemental but do no damage.
The water elemental is moderately damaged.
The water elemental closely misses you.
You scratch the water elemental but do no damage.
The water elemental is moderately damaged.
The water elemental hits you!
* * * LOW HITPOINT WARNING * * *
The water elemental engulfs you in water!
You slip free of the water engulfing you.
You gasp with relief as air once again reaches your lungs.
The water elemental closely misses you.
You claw the water elemental!
The water elemental is heavily damaged.
You block the water elemental's attack.
You completely miss the water elemental.
The water elemental is heavily damaged.
The water elemental hits you!
* * * LOW HITPOINT WARNING * * *
The water elemental engulfs you in water!
You slip free of the water engulfing you.
You gasp with relief as air once again reaches your lungs.
You barely miss the water elemental.
The water elemental is heavily damaged.
The water elemental hits you.
* * * LOW HITPOINT WARNING * * *
The water elemental engulfs you in water!
You barely miss the water elemental.
The water elemental is heavily damaged.
You die...

▓.††..#....≈.♣♣♣..##
▓.....#)..≈≈....♣.#.
▓.....#..≈≈≈≈♣..♣.'.
▓####'#..≈≈≈≈≈≈...#.
▓(.).†#.≈≈≈≈≈≈....#.
▓.....#.≈≈≈≈≈.....#.
▓.....#.≈≈≈.......#+
▓'#####...........#
▓..@E.............#
▓▓▓▓▓▓▓▓▓▓▓▓▓▓▓▓▓▓▓


You could see a water elemental.

Vanquished Creatures
  Crazy Yiuf (D)
  Jessica (D)
  A human (D)
  3 rats (D)
6 creatures vanquished.

Notes
Turn   | Place    | Note
-------+----------+-------------------------------------------
     0 | D        | bnorton916 the Troll Fighter began the quest for the Orb.
     0 | D        | Reached XP level 1. HP: 22/22 MP: 0/0
    12 | D        | Noticed Jessica
    16 | D        | Killed Jessica
    17 | D        | Reached XP level 2. HP: 30/31 MP: 1/1
    56 | D        | Reached XP level 3. HP: 29/39 MP: 2/2
   177 | D        | Noticed Crazy Yiuf
   184 | D        | Killed Crazy Yiuf
   185 | D        | Reached XP level 4. HP: 6/48 MP: 0/3
   251 | D        | Gained mutation: You are clumsy. (Dex -2) [potion of
                  | mutation]
   251 | D        | Gained mutation: Your muscles are strong. (Str +2) [potion
                  | of mutation]
   252 | D        | Lost mutation: Your muscles are strong. (Str +2) [potion of
                  | mutation]
   252 | D        | Lost mutation: You are clumsy. (Dex -2) [potion of
                  | mutation]
   252 | D        | Gained mutation: You are resistant to electric shocks.
                  | (rElec) [potion of mutation]
   252 | D        | Gained mutation: Your spells are a little harder to cast,
                  | but a little more powerful. [potion of mutation]
   252 | D        | Gained mutation: You have large cloven feet. [potion of
                  | mutation]
   253 | D        | Lost mutation: You have large cloven feet. [potion of
                  | mutation]
   253 | D        | Lost mutation: You are resistant to electric shocks.
                  | (rElec) [potion of mutation]
   253 | D        | Gained mutation: You possess an exceptional clarity of
                  | mind. [potion of mutation]
   261 | D        | Noticed a water elemental
   280 | D        | HP: 1/48 [water elemental (17)]
   287 | D        | HP: 2/48 [water elemental (5)]
   288 | D        | Drowned by a water elemental

Illustrated notes

Levels and vault maps discovered:
D:        dungeon_sprint_mu [sprint_mu_entry_forest, sprint_mu_temple_rooms,
          sprint_mu_d1_spiders, sprint_mu_d2_genie, sprint_mu_d3_branching,
          sprint_mu_orc_legion, sprint_mu_elf_gauntlet, sprint_mu_hive_nellie,
          sprint_mu_lair_fedhas, sprint_mu_vaults_butterflies,
          sprint_mu_slime_circle, sprint_mu_shoals_kraken,
          sprint_mu_snake_twists, sprint_mu_blade_basic,
          sprint_mu_crypt_fortress, sprint_mu_tomb_spiral,
          sprint_mu_vestibule_basic, sprint_mu_gehenna_hellfire,
          sprint_mu_dis_giant, sprint_mu_tartarus_statrot,
          sprint_mu_cocytus_islands, sprint_mu_zot1]

Skill      XL: |  1  2  3 |
---------------+----------+-----
Fighting       | 3 4 |  4.1
Dodging        | 3 4 |  4.1
Shields        | 3 4 |  4.1
Unarmed Combat | 3 4 |  4.4

Action                   |  1- 3 |  4- 6 || total
-------------------------+-------+-------++-------
Melee: Unarmed           |    27 |    11 ||    38
  Use: Potion            |       |     3 ||     3
Armor: Robe              |     3 |       ||     3
Dodge: Dodged            |     6 |     5 ||    11
Block: Kite shield       |     8 |     1 ||     9
